 Dungeon Crawl Stone Soup version 0.27.1-33-g824d729ab1 (webtiles) character file.

Game seed: 4449247749580897856

126 barney the Changer (level 4, -5/35 HPs)
             Began as a Draconian Transmuter on Dec 20, 2021.
             Succumbed to a water moccasin's poison
             ... on level 4 of the Dungeon.
             The game lasted 00:03:37 (3259 turns).

barney the Changer (Draconian Transmuter)           Turns: 3259, Time: 00:03:38

Health: -5/35      AC:  2    Str: 10    XL:     4   Next: 84%
Magic:  4/7        EV: 19    Int: 15    God:
Gold:   62         SH:  0    Dex: 22    Spells: 1/7 levels left

rFire    . . .     SeeInvis .     - Unarmed
rCold    . . .     Faith    .   (shield currently unavailable)
rNeg     . . .     Spirit   .   (armour unavailable)
rPois    x         Reflect  .   (helmet currently unavailable)
rElec    .         Harm     .   (cloak currently unavailable)
rCorr    .         Rampage  .   (gloves currently unavailable)
Will     .....     Rnd*Tele +   (boots currently unavailable)
Stlth    ++........             l - amulet of regeneration
HPRegen  1.11/turn              j - ring of wizardry
MPRegen  0.10/turn              m - +6 ring of dexterity

@: lethally poisoned (-5 -> -44), spider-form (expiring)
A: venomous fangs, AC +5, tiny, unfitting armour, (cold-blooded), teleportitis
1, weak 1
a: End Transformation


You were on level 4 of the Dungeon.
You were a venomous arachnid creature.
You visited 1 branch of the dungeon, and saw 4 of its levels.

You collected 150 gold pieces.
You spent 88 gold pieces at shops.

Inventory:

Hand Weapons
 a - a +0 dagger
 k - a +1 short sword of draining (melded)
Jewellery
 d - a ring of positive energy
 j - a ring of wizardry (left front leg)
 l - an amulet of regeneration (around neck)
 m - a +6 ring of dexterity (right front leg)
 o - an amulet of faith
 q - a ring of positive energy
Scrolls
 e - a scroll of enchant weapon
 g - 4 scrolls of identify
 i - a scroll of summoning
 n - 2 scrolls of blinking {unknown}
 p - 3 scrolls of teleportation {unknown}
Potions
 b - a potion of heal wounds
 c - a potion of might {unknown}
 f - a potion of berserk rage {unknown}
 h - 2 potions of curing {unknown}


   Skills:
 - Level 1.1 Fighting
 - Level 1.7 Dodging
 - Level 3.0 Unarmed Combat
 - Level 2.0 Spellcasting
 + Level 5.1 Transmutations


You had one spell level left.
You knew the following spells:

 Your Spells              Type           Power      Damage    Failure   Level
a - Beastly Appendage     Tmut           32%        N/A       4%          1
b - Spider Form           Tmut/Pois      4%         N/A       21%         3
c - Wereblood             Tmut           16%        N/A       5%          2

Your spell library contained the following spells:

 Spells                   Type           Power      Damage    Failure   Level
 Sting                    Tmut/Pois      36%        1d4       9%          1
 Corona                   Hex            1%         N/A       19%         1
 Ensorcelled Hibernation  Hex/Ice        2%         N/A       26%         2
 Poisonous Vapours        Pois/Air       2%         N/A       26%         2
 Gell's Gravitas          Tloc           0%         N/A       41%         3
 Teleport Other           Tloc           1%         N/A       41%         3
 Tukima's Dance           Hex            1%         N/A       41%         3
 Ice Form                 Ice/Tmut       9%         N/A       45%         4
 Olgreb's Toxic Radiance  Pois           1%         N/A       77%         4
 Dispersal                Tloc           0%         N/A       100%        6


Dungeon Overview and Level Annotations

Branches:
Dungeon (4/15)
 Temple: D:4-7

Altars:
Xom

Shops:
D:2 :[!?


Innate Abilities, Weirdness & Mutations

You are a venomous arachnid creature.
You have poisonous fangs.
You are tiny and dextrous.
Your spellcasting is less reliable in this form.
Your armour is entirely melded.
You are incapable of wielding weapons or throwing items.
((Your plain brown scales are hard. (AC +5)))
You cannot fit into any form of body armour.
((You are cold-blooded and may be slowed by cold attacks.))
You are occasionally teleported next to monsters.
You are weak. (Str -2)


Message History

The spell is quite dangerous to cast (10% risk of failure)!
Continue anyway?
Okay, then.
Casting: Spider Form (quite dangerous; 10% risk of failure)
Confirm with . or Enter, or press ? or * to list all spells.
The spell is quite dangerous to cast (10% risk of failure)!
Continue anyway?
Your horns disappear.
Your talons disappear.
You turn into a venomous arachnid creature.
Your +1 short sword of draining melds into your body.
You feel sick.
You are no longer poisoned.
The endoplasm hits you.
Unknown command.
You hit the endoplasm.
The endoplasm is poisoned.
The endoplasm is lightly wounded.
The endoplasm hits you.
You hit the endoplasm but do no damage.
The endoplasm is lightly wounded.
The endoplasm freezes you.
You are frozen.
You hit the endoplasm.
You kill the endoplasm!
The water moccasin closely misses you.
You hit the water moccasin but do no damage.
The water moccasin misses you.
You hit the water moccasin.
The water moccasin is poisoned.
The water moccasin is lightly wounded.
The water moccasin bites you!
You are lethally poisoned!
The water moccasin poisons you! The water moccasin bites you.
You are more poisoned.
The water moccasin poisons you!
You barely miss the water moccasin.
The water moccasin is lightly wounded.
* * * LOW HITPOINT WARNING * * *
You feel extremely sick. The water moccasin misses you.
You barely miss the water moccasin.
The water moccasin is lightly wounded.
Your transformation is almost over.
You die...

#.##...#..(........#
.?.....#...........#
.........#.........#
...................#
.........#.........#
.....(..###.########
........# #Z#
........# #S#
.?....... #s#
<....).#. #.#
#.....# . #.# ######
#...# ###


You could see a water moccasin (very poisoned) and a hound skeleton.

Vanquished Creatures
  A centaur zombie (D:4)
  A hound (D:3)
  4 orcs (D:3)
  6 endoplasms
  2 giant cockroaches
  8 goblins
  5 hobgoblins
  4 kobolds
  2 quokkas
  3 ball pythons
  7 bats
  6 frilled lizards
  4 rats
53 creatures vanquished.

Vanquished Creatures (others)
  5 dream sheep (D:3)
5 creatures vanquished.

Grand Total: 58 creatures vanquished

Notes
Turn   | Place    | Note
-------+----------+-------------------------------------------
     0 | D:1      | barney the Draconian Transmuter began the quest for the
                  | Orb.
     0 | D:1      | Reached XP level 1. HP: 16/16 MP: 3/3
   493 | D:1      | Reached XP level 2. HP: 23/23 MP: 3/5
   743 | D:1      | Reached skill level 3 in Transmutations
  1471 | D:2      | Found Moyjipa's Antique Armour Boutique.
  1474 | D:2      | Found Ubrug's Distillery.
  1490 | D:2      | Reached XP level 3. HP: 20/28 MP: 6/6
  1501 | D:2      | Bought a potion of mutation for 88 gold pieces
  1501 | D:2      | Gained mutation: You are weak. (Str -2) [potion of
                  | mutation]
  1501 | D:2      | Gained mutation: You are occasionally teleported next to
                  | monsters. [potion of mutation]
  1650 | D:2      | Found Simm's Magic Scroll Boutique.
  1979 | D:2      | Found Dobal's Book Shoppe.
  2111 | D:2      | Found a faded altar of an unknown god.
  2300 | D:3      | Learned a level 3 spell: Spider Form
  2303 | D:3      | Learned a level 2 spell: Wereblood
  2403 | D:3      | Reached skill level 4 in Transmutations
  2403 | D:3      | Reached XP level 4. HP: 7/30 MP: 3/7
  2861 | D:3      | Noticed a dream sheep
  2861 | D:3      | Noticed a dream sheep
  2861 | D:3      | Noticed a dream sheep
  2861 | D:3      | Noticed a dream sheep
  2861 | D:3      | Noticed a dream sheep
  2861 | D:3      | Found a shimmering altar of Xom.
  2866 | D:3      | Killed a dream sheep
  2866 | D:3      | Killed a dream sheep
  2866 | D:3      | Killed a dream sheep
  2866 | D:3      | Killed a dream sheep
  2869 | D:3      | Killed a dream sheep
  3232 | D:4      | Reached skill level 5 in Transmutations
  3238 | D:4      | Noticed a water moccasin
  3259 | D:4      | Succumbed to a water moccasin's poison

Illustrated notes

Levels and vault maps discovered:
D:1:      dpeg_arrival_simpleton_a, layout_loops_ring,
          minmay_misc_feat_ornament, patterned_corridor
D:2:      layout_loops_cross, shapermc_ecumenical_altar_mp_highgroup,
          serial_shops, shop, nicolae_diamond_shop, shop,
          nicolae_shop_statue_plus, minivault_26
D:3:      layout_loops_ring, kb_xom_exploding_sheep
D:4:      layout_rooms, zin_statuary, mainiacjoe_overflow_swirl,
          nemelex_xobeh_ov_fountains_minmay, minmay_temple_entry_arrows,
          serial_shops, shop, minmay_starry_boxes

Skill      XL: |  1  2  3  4 |
---------------+-------------+-----
Transmutations | 3 4 5 |  5.1
Fighting       | |  1.1
Dodging        | |  1.7
Unarmed Combat | |  3.0
Spellcasting   | |  2.0

Action                   |  1- 3 |  4- 6 || total
-------------------------+-------+-------++-------
Melee: Dagger            |   125 |       ||   125
       Unarmed           |    14 |     7 ||    21
       Kick              |    19 |     2 ||    21
       Tailslap          |    16 |     7 ||    23
       Headbutt          |     7 |     5 ||    12
       Punch             |     1 |     1 ||     2
       Short sword       |       |    38 ||    38
 Cast: Beastly Appendage |    17 |     7 ||    24
       Spider Form       |     1 |     1 ||     2
  Use: Potion            |     2 |       ||     2
       Scroll            |     1 |     3 ||     4
 Stab: Sleeping          |       |     3 ||     3
Armor: Skin              |    63 |    16 ||    79
Dodge: Dodged            |    85 |    35 ||   120
